 Dungeon Crawl Stone Soup version 0.21-a0-630-g344d351 (webtiles) character file.

30838 XomBae the Brawler (level 13, -2/131 HPs)
             Began as a Troll Chaos Knight on Dec 25, 2017.
             Succumbed to a ghost moth's poison
             ... on level 5 of the Lair of Beasts.
             The game lasted 00:23:52 (12559 turns).

XomBae the Brawler (Troll Chaos Knight)            Turns: 12559, Time: 00:23:53

Health: -2/131     AC:  7    Str: 30 (32) XL:     13   Next: 22%
Magic:  0/15       EV:  9    Int:  6 (8)  God:    Xom [*.....]
Gold:   761        SH: 16    Dex:  6 (9)  Spells: 12/12 levels left

rFire    . . .     SeeInvis .     - Unarmed
rCold    + . .     Gourm    +   h - +1 shield
rNeg     . . .     Faith    .   O - +2 robe {rC+}
rPois    .         Spirit   +   (helmet restricted)
rElec    .         Reflect  +   x - scarf {Spirit}
rCorr    .         Harm     .   (gloves unavailable)
MR       .....                  (boots unavailable)
Stlth    +.........             y - +4 amulet of reflection
HPRegen  1.11/turn              e - ring of flight
MPRegen  0.14/turn              u - +5 ring of strength

@: lethally poisoned (-2 -> -50)
A: large, unfitting armour, antennae 1, claws 3, fast metabolism 3, gourmand,
regeneration 2, shaggy fur 1, tough skin 2, subdued magic 1
a: Renounce Religion, Evoke Flight


You were on level 5 of the Lair of Beasts.
You worshipped Xom.
You were a special plaything of Xom.
You were very full.

You visited 2 branches of the dungeon, and saw 15 of its levels.
You also visited: Bailey.

You collected 859 gold pieces.
You spent 98 gold pieces at shops.

Inventory:

Hand Weapons
 i - a +2 falchion of flaming
Missiles
 r - 3 curare-tipped needles
 w - 272 arrows
Armour
 h - a +1 shield (worn)
 x - a scarf of spirit shield (worn)
 L - the +3 hat of Pondering {ponderous, MR+ MP+10 Int+5}
   (You took it off Gastronok on level 10 of the Dungeon)

   It affects your intelligence (+5).
   It affects your resistance to hostile enchantments.
   It affects your magic capacity (+10).
 M - a +0 troll leather armour
 O - a +2 robe of cold resistance (worn)
Jewellery
 c - an uncursed amulet of faith
 e - a ring of flight (left claw)
 m - the ring of Maxin {Str+8 Int-5 Dex+4 Slay-3 SInv}
   (You found it on level 7 of the Dungeon)

   [ring of see invisible]

   It affects your strength (+8).
   It affects your intelligence (-5).
   It affects your dexterity (+4).
   It affects your accuracy and damage with ranged weapons and melee attacks
   (-3).
   It lets you see invisible.
 u - a +5 ring of strength (right claw)
 y - a +4 amulet of reflection (around neck)
 z - an uncursed amulet of magic regeneration
 G - an uncursed amulet of harm
 N - an uncursed ring of ice
Wands
 g - a wand of iceblast (9)
 p - a wand of flame (65)
 v - a wand of polymorph (7)
 A - a wand of acid (5)
 C - a wand of paralysis (11)
 E - a wand of scattershot (1)
Scrolls
 d - 6 scrolls of magic mapping
 f - 5 scrolls of identify
 o - a scroll of enchant armour
 s - 3 scrolls of amnesia
 t - 5 scrolls of remove curse
 B - a scroll of silence
 D - a scroll of teleportation
Potions
 j - 4 potions of magic
 k - 4 potions of mutation
 l - 3 potions of brilliance
 n - 2 potions of flight
 q - 5 potions of curing
 K - a potion of ambrosia {unknown}
Miscellaneous
 I - a phial of floods (inert)
Comestibles
 b - 40 rations


   Skills:
 + Level 9.3 Fighting
 - Level 1.9 Dodging
 - Level 9.0 Shields
 + Level 15.3 Unarmed Combat
 - Level 5.2 Evocations


You had 12 spell levels left.
You didn't know any spells.

Dungeon Overview and Level Annotations

Branches:
Dungeon (10/15)            Temple (0/1) D:5            Lair (5/6) D:10
  Swamp (0/4) Lair:3        Snake (0/4) Lair:2
  Slime: Lair:5-6       Orc: D:9-12

Altars:
Ashenzari
Cheibriados
Elyvilon
Gozag
Ru
Sif Muna
Vehumet
Xom
Yredelemnul

Shops:
D:5 *   D:6 %   D:10 %


Innate Abilities, Weirdness & Mutations

You are too large for most types of armour.
You have claws for hands.
Your metabolism is lightning-fast.
You like to eat raw meat.
You heal very quickly.
You are covered in fur. (AC +1)
You have very tough skin. (AC +2)
You have a pair of small antennae on your head.
Your spells are a little easier to cast, but a little less powerful.


Message History

Something stings you.
* * * LOW HITPOINT WARNING * * *
You are lethally poisoned!
Something poisons you!
Unknown command.
Unknown command.
* * * LOW HITPOINT WARNING * * *
You feel extremely sick.
You feel you are being watched by something.
You feel your power leaking away. You block something's attack.
Something hits you!
* * * LOW HITPOINT WARNING * * *
Something stings you.
* * * LOW HITPOINT WARNING * * *
As you read the scroll of fear, it crumbles to dust.
You assume a fearsome visage.
* * * LOW HITPOINT WARNING * * *
You feel very sick.
You die...
Xom laughs nastily!

#...#* ....P,, #...P
#P... ,,,, #...#
...#* , ,
#...##...#P.., ,*
*#..+........,, ,
###....#...P, ,
#P....#....#..... *
##....#.#.#.#....
#..@.#.P.P.#....
###..............####
#.†................#.
###{.................
##...................
#....................
###................†#
#...##.##..........
#.####'###........#


There were no monsters in sight!

Vanquished Creatures
  Gastronok (D:10)
  The ghost of Lanoc the Blocker, a journeyman FoFi of the Shining One (Lair:1)
  Fannar (D:10)
  2 hydras
  The ghost of tsouns the Thaumaturge, a journeyman GnWr of Okawaru (D:10)
  4 death yaks (Lair:5)
  6 elephants (Lair:5)
  7 spiny frogs
  3 rime drakes
  3 komodo dragons
  2 trolls
  A hornet (D:7)
  14 blink frogs
  4 hippogriffs
  The ghost of Megalobster the Ruffian, an amateur TrMo (D:3)
  2 wyverns
  18 yaks
  The ghost of KristoblXynda the Poker, an amateur NaWr of Okawaru (D:4)
  A hog (shapeshifter) (Lair:1)
  A hungry ghost (D:7)
  Grum (Lair:1)
  4 basilisks
  2 vampire mosquitoes (Lair:5)
  4 swamp worms (Lair:3)
  3 insubstantial wisps (Lair:5)
  12 water moccasins
  12 porcupines
  An ice beast (D:6)
  5 ogres
  3 orc warriors
  2 sky beasts
  14 wolves
  A phantom (D:4)
  2 centaurs
  A big kobold (D:10)
  13 crocodiles
  12 bullfrogs
  A wyvern zombie (D:10)
  3 scorpions
  A water moccasin skeleton (D:8)
  8 wights
  2 howler monkeys
  2 electric eels
  A bullfrog zombie (D:6)
  3 crimson imps
  A centaur zombie (D:8)
  5 orc priests
  4 hounds
  3 jellies
  3 iguanas (D:6)
  7 orc wizards
  8 worker ants
  A hound zombie (D:7)
  2 hound skeletons
  4 worker ant zombies
  A howler monkey zombie (D:9)
  4 gnolls (D:3)
  8 adders
  3 shadow imps
  An adder zombie (D:10)
  An adder skeleton (D:6)
  2 worms (D:2)
  A dart slug (D:3)
  6 leopard geckos
  36 orcs
  3 ball pythons
  14 bats
  15 giant cockroaches
  4 goblins
  10 hobgoblins
  4 jackals
  2 quokkas
  9 frilled lizards
  17 kobolds
  2 leopard gecko skeletons
  4 quokka skeletons
  13 rats
385 creatures vanquished.

Vanquished Creatures (collateral kills)
  Prince Ribbit (D:9)
  2 yaks (Lair:3)
  A centaur (D:8)
  An orc wizard (D:4)
  A worm (D:4)
6 creatures vanquished.

Vanquished Creatures (others)
  A blink frog (Lair:2)
  4 fungi
  5 plants
10 creatures vanquished.

Grand Total: 401 creatures vanquished

Notes
Turn   | Place    | Note
-------+----------+-------------------------------------------
     0 | D:1      | XomBae the Troll Chaos Knight began the quest for the Orb.
     0 | D:1      | Reached XP level 1. HP: 22/22 MP: 0/0
    99 | D:1      | XOM: harmless Air miscast
   105 | D:1      | Reached XP level 2. HP: 28/29 MP: 1/1
   155 | D:1      | XOM: divination: detect items
   181 | D:1      | XOM: divination: detect creatures
   201 | D:1      | XOM: harmless Tmut miscast
   259 | D:1      | XOM: mild Chrm miscast
   414 | D:1      | XOM: harmless Tmut miscast
   447 | D:1      | Reached XP level 3. HP: 36/36 MP: 2/2
   634 | D:2      | Reached skill level 4 in Unarmed Combat
   716 | D:2      | Found an opulent altar of Gozag.
   765 | D:2      | XOM: noise
  1061 | D:2      | XOM: mild Conj miscast
  1117 | D:3      | XOM: summons 3 friendly demons
  1169 | D:3      | XOM: butterfly on damage
  1178 | D:3      | Reached skill level 1 in Shields
  1178 | D:3      | Reached XP level 4. HP: 34/45 MP: 3/3
  1330 | D:3      | Reached XP level 5. HP: 53/53 MP: 4/4
  1396 | D:3      | XOM: harmless Pois miscast
  1541 | D:3      | XOM: harmless Summ miscast
  1558 | D:3      | Noticed Megalobster's ghost (amateur TrMo)
  1568 | D:3      | Killed Megalobster's ghost
  1568 | D:3      | Reached skill level 5 in Unarmed Combat
  1568 | D:3      | Reached XP level 6. HP: 36/61 MP: 5/5
  1712 | D:3      | XOM: harmless Fire miscast
  1808 | D:3      | Found a deep blue altar of Sif Muna.
  1808 | D:3      | Found a basalt altar of Yredelemnul.
  1813 | D:3      | XOM: blink monster(s)
  1988 | D:3      | XOM: mild Air miscast
  2029 | D:3      | Found a white marble altar of Elyvilon.
  2029 | D:3      | Found a sacrificial altar of Ru.
  2078 | D:4      | XOM: butterfly on damage
  2079 | D:4      | Reached skill level 6 in Unarmed Combat
  2079 | D:4      | XOM: noise
  2084 | D:4      | XOM: summons friendly shadow imp
  2091 | D:4      | Reached XP level 7. HP: 53/68 MP: 6/6
  2093 | D:4      | Noticed KristoblXynda's ghost (amateur NaWr)
  2094 | D:4      | XOM: enchant monster (good)
  2129 | D:4      | XOM: noise
  2148 | D:4      | Killed KristoblXynda's ghost
  2402 | D:4      | Found a radiant altar of Vehumet.
  2463 | D:4      | Reached skill level 7 in Unarmed Combat
  2480 | D:4      | XOM is BORED!
  2480 | D:4      | XOM: medium Ice miscast
  2596 | D:4      | XOM: god gift: 3 curare-tipped needles
  2599 | D:4      | Found a snail-covered altar of Cheibriados.
  2694 | D:5      | Entered Level 5 of the Dungeon
  2700 | D:5      | XOM: smoke on damage
  2814 | D:5      | Found Rafiras's Assorted Antiques.
  2821 | D:5      | Bought a scroll labeled SED ENOTOHUDU for 26 gold pieces
  2821 | D:5      | Bought a scroll labeled EDIDDE CAOWIOP for 26 gold pieces
  2821 | D:5      | Bought a green potion for 23 gold pieces
  2821 | D:5      | Bought an amethyst potion for 23 gold pieces
  2838 | D:5      | Reached XP level 8. HP: 79/79 MP: 7/7
  2911 | D:5      | Found a staircase to the Ecumenical Temple.
  3137 | D:5      | XOM: mild Tloc miscast
  3349 | D:5      | XOM: harmless Ice miscast
  3382 | D:6      | Found Zoseaty's Food Shoppe.
  3395 | D:6      | XOM: potion effect (brilliance)
  3504 | D:6      | Reached skill level 8 in Unarmed Combat
  3722 | D:6      | XOM: medium Hex miscast
  3760 | D:6      | Reached skill level 5 in Fighting
  3885 | D:6      | XOM: cast spell 'Olgreb's Toxic Radiance'
  3928 | D:6      | XOM: noise
  3929 | D:6      | XOM: mild Tmut miscast
  3932 | D:6      | Reached skill level 1 in Evocations
  4187 | D:6      | XOM: god gift: 27 gold pieces
  4203 | D:6      | XOM: harmless Erth miscast
  4318 | D:6      | XOM: harmless Pois miscast
  4408 | D:6      | XOM: medium Ice miscast
  4440 | D:7      | Found a flagged portal.
  4440 | D:7      | Noticed a hornet
  4443 | D:7      | XOM: noise
  4445 | D:7      | Killed a hornet
  4445 | D:7      | Reached skill level 9 in Unarmed Combat
  4445 | D:7      | Reached XP level 9. HP: 73/88 MP: 6/9
  4494 | D:7      | XOM: noise
  4499 | D:7      | XOM: mild Pois miscast
  4589 | Bailey   | Entered a bailey
  4589 | Bailey   | Noticed an orc knight
  4589 | Bailey   | Noticed an orc knight
  4591 | Bailey   | Noticed an orc knight
  4595 | Bailey   | Noticed an orc knight
  4605 | Bailey   | HP: 4/88 [orc warrior/bolt (17)]
  4607 | Bailey   | XOM: summons friendly shadow imp
  4608 | Bailey   | XOM: cast spell 'Necromutation'
  4704 | D:7      | Reached skill level 5 in Shields
  4729 | D:7      | XOM: cloud trail
  4854 | D:7      | XOM: medium Hex miscast
  4931 | D:7      | XOM: 8-stop teleportation journey
  5048 | D:7      | Got a sparkling steel ring
  5171 | D:8      | Reached skill level 10 in Unarmed Combat
  5352 | D:8      | Found a blossoming altar of Fedhas.
  5447 | D:8      | XOM: noise
  5493 | D:8      | XOM: enchant monster (bad)
  5495 | D:8      | XOM: polymorph orc warrior -> centaur
  5503 | D:8      | XOM: summons friendly quasit
  5509 | D:8      | XOM: polymorph quasit -> iron imp
  5942 | D:8      | XOM: mild Pois miscast
  6087 | D:8      | Found an opulent altar of Gozag.
  6087 | D:8      | Found a shimmering altar of Xom.
  6089 | D:8      | Found a shimmering altar of Xom.
  6089 | D:8      | Found a snail-covered altar of Cheibriados.
  6089 | D:8      | Found a shattered altar of Ashenzari.
  6305 | D:9      | Identified the ring of Maxin {Str+8 Int-5 Dex+4 Slay-3 SInv} (You found it on level 7 of the Dungeon)
  6387 | D:9      | XOM: mild Tmut miscast
  6608 | D:9      | XOM: 1-stop teleportation journey
  6645 | D:9      | XOM: divination: magic mapping
  6648 | D:9      | XOM: potion effect (brilliance)
  6655 | D:9      | Reached XP level 10. HP: 96/96 MP: 11/11
  6656 | D:9      | XOM: confuse monster(s)
  6693 | D:9      | Noticed Prince Ribbit
  6709 | D:9      | Killed Prince Ribbit
  6709 | D:9      | Reached skill level 11 in Unarmed Combat
  6870 | D:9      | XOM: mild Erth miscast
  7042 | D:10     | Entered Level 10 of the Dungeon
  7086 | D:9      | XOM: confusion
  7088 | D:9      | XOM: cast spell 'Death Channel'
  7211 | D:10     | Noticed Fannar
  7214 | D:10     | XOM: fog
  7219 | D:10     | XOM: summons 3 friendly demons
  7224 | D:10     | Killed Fannar
  7271 | D:10     | Noticed Gastronok
  7271 | D:10     | Found a staircase to the Lair.
  7279 | D:10     | XOM: fog
  7286 | D:10     | XOM: confusion
  7299 | D:10     | XOM: noise
  7301 | D:10     | Killed Gastronok
  7301 | D:10     | Reached skill level 12 in Unarmed Combat
  7399 | D:10     | XOM: harmless Erth miscast
  7432 | D:10     | XOM: harmless Chrm miscast
  7462 | D:10     | Found Neheogeom's Food Emporium.
  7482 | D:10     | Noticed tsouns's ghost (journeyman GnWr)
  7482 | D:10     | XOM: summons friendly iron imp
  7489 | D:10     | Reached skill level 5 in Evocations
  7491 | D:10     | Reached XP level 11. HP: 86/102 MP: 10/13
  7529 | D:10     | XOM: scenery: 1 doors close
  7635 | D:10     | Killed tsouns's ghost
  7864 | D:10     | XOM: severe Hex miscast
  7879 | D:10     | XOM: summons 2 hostile shadow creatures
  7917 | Lair:1   | Entered Level 1 of the Lair of Beasts
  8055 | Lair:1   | XOM: polymorph black mamba -> shapeshifter
  8109 | Lair:1   | XOM: enchant monster (bad)
  8150 | Lair:1   | XOM: summons 5 hostile demons
  8173 | Lair:1   | XOM: mild Tloc miscast
  8211 | Lair:1   | XOM: 2-stop teleportation journey
  8277 | Lair:1   | XOM: harmless Tmut miscast
  8404 | Lair:1   | XOM is BORED!
  8404 | Lair:1   | XOM: medium Tmut miscast
  8453 | Lair:1   | Noticed Lanoc's ghost (journeyman FoFi)
  8455 | Lair:1   | XOM: divination: detect creatures
  8455 | Lair:1   | Gained mutation: Your spells are a little easier to cast, but a little less powerful. [mutagenic glow]
  8477 | Lair:1   | XOM: enchant monster (good)
  8487 | Lair:1   | XOM: summons friendly quasit
  8494 | Lair:1   | XOM: confuse monster(s)
  8500 | Lair:1   | Noticed Grum
  8501 | Lair:1   | Killed Lanoc's ghost
  8558 | Lair:1   | Reached skill level 13 in Unarmed Combat
  8560 | Lair:1   | XOM: noise
  8672 | Lair:1   | Killed Grum
  8893 | Lair:1   | XOM: divination: detect creatures
  8966 | Lair:1   | XOM: enchant monster (good)
  8973 | Lair:1   | XOM: potion effect (brilliance)
  8983 | Lair:1   | XOM: cleaving
  9181 | Lair:2   | XOM: summons 2 friendly demons
  9213 | Lair:2   | XOM: polymorph iron imp -> quasit
  9258 | Lair:2   | XOM: give mutations
  9258 | Lair:2   | Gained mutation: You heal very quickly. [Xom's grace]
  9258 | Lair:2   | Gained mutation: You have a pair of small antennae on your head. [Xom's grace]
  9351 | Lair:2   | Found a staircase to the Snake Pit.
  9412 | Lair:2   | XOM: fog
  9419 | Lair:2   | XOM: divine lightning
  9425 | Lair:2   | XOM: enchant monster (good)
  9432 | Lair:2   | XOM: enchant monster (good)
  9617 | Lair:2   | Reached XP level 12. HP: 114/115 MP: 14/14
  9890 | Lair:2   | XOM: 5-stop teleportation journey
  9938 | Lair:2   | XOM is BORED!
  9965 | Lair:3   | XOM: cast spell 'Summon Ice Beast'
  9967 | Lair:3   | XOM: confuse monster(s)
  9988 | Lair:3   | XOM: silly message
 10087 | Lair:3   | XOM: 1-stop teleportation journey
 10094 | Lair:3   | XOM: summons 7 friendly demons
 10287 | Lair:3   | Reached skill level 14 in Unarmed Combat
 10401 | Lair:3   | XOM: fake destruction
 10411 | Lair:3   | XOM: 6-stop teleportation journey
 10558 | Lair:3   | Found a staircase to the Swamp.
 10701 | Lair:3   | XOM: polymorph blink frog -> basilisk
 10723 | Lair:3   | XOM: summons friendly shadow imp
 10726 | Lair:3   | XOM: summons friendly shadow imp
 11234 | Lair:4   | XOM: swap monsters
 11268 | Lair:4   | XOM: mild Hex miscast
 11744 | Lair:4   | Noticed a six-headed hydra
 11746 | Lair:4   | XOM: blink monster(s)
 11749 | Lair:4   | XOM: 2-stop teleportation journey
 11937 | Lair:4   | Killed a seven-headed hydra
 12063 | Lair:4   | XOM: mild Tloc miscast
 12076 | Lair:5   | Noticed a seven-headed hydra
 12076 | Lair:5   | XOM: cleaving
 12080 | Lair:5   | Killed an eight-headed hydra
 12201 | Lair:5   | XOM: harmless Necr miscast
 12213 | Lair:5   | XOM: enchant monster (good)
 12215 | Lair:5   | XOM: enchant monster (good)
 12221 | Lair:5   | Reached skill level 15 in Unarmed Combat
 12221 | Lair:5   | Reached XP level 13. HP: 118/128 MP: 12/15
 12246 | Lair:5   | XOM: cast spell 'Summon Ice Beast'
 12522 | Lair:5   | XOM: divination: magic mapping
 12528 | Lair:5   | XOM: noise
 12534 | Lair:5   | XOM: scenery: 1 doors close
 12536 | Lair:5   | XOM: summons friendly iron imp
 12549 | Lair:5   | XOM: polymorph death yak -> something unseen
 12558 | Lair:5   | HP: 3/131 [poisoned by a ghost moth]
 12559 | Lair:5   | Succumbed to a ghost moth's poison

Vault maps used:
D:1:      saegor_arrival_under_anarchy, minmay_tromino_v2
D:2:      grunt_gozag_breadcrumbs, st_stairs_9, minmay_tripent
D:3:      grunt_temple_overflow_open, first_ration
D:4:      marbit_many_paths, vehumet_altar_wand_db
D:5:      minmay_temple_entry_statues_pillars, serial_shops,
          nicolae_shop_behind_doors, hangedman_abyss_or_decor_slice,
          kennysheep_crisscross
D:6:      serial_shops, nicolae_shop_statue_plus
D:7:      enter_bailey_2, kennysheep_flooded_box
D:8:      doesnt_xom_only_xom
D:9:      uniq_prince_ribbit1
D:10:     lair_entry_dummy, serial_shops, nicolae_shop_trees, uniq_fannar,
          uniq_gastronok
Lair:1:   uniq_grum
Lair:2:   guppyfry_snake_entry_garden, serial_bayou, serial_bayou_lake_a,
          serial_bayou_pond_e, serial_bayou_lagoon_b, serial_bayou_pond_e,
          serial_bayou_shore_b, serial_bayou_shore_b
Lair:3:   nicolae_swamp_entry_splash_gauntlet, st_stairs_5
Lair:4:   grunt_megastairs_4
Lair:5:   pond, lemuel_fruit_tree, lemuel_fruit_fields, serial_bayou_shore_b
Bailey:   bailey_polearm_4, bailey

Skill      XL: |  1  2  3  4  5  6  7  8  9 10 11 12 13 |
---------------+----------------------------------------+-----
Unarmed Combat | 4 5 6 7 9 10 12 13 15 | 15.3
Fighting       | 3 4 5 6 8 9 |  9.3
Shields        | 1 2 3 4 5 7 8 9 |  9.0
Evocations     | 1 3 5 |  5.2
Dodging        | |  1.9

Action                   |  1- 3 |  4- 6 |  7- 9 | 10-12 | 13-15 || total
-------------------------+-------+-------+-------+-------+-------++-------
Melee: Unarmed           |   134 |   124 |   367 |   666 |    53 ||  1344
Evoke: Wand              |       |       |     7 |     6 |     1 ||    14
       Phial of floods   |       |       |       |     2 |       ||     2
  Use: Scroll            |     4 |     2 |    12 |     7 |     1 ||    26
       Potion            |       |       |     5 |     5 |       ||    10
 Stab: Sleeping          |     2 |       |     2 |       |       ||     4
       Confused          |       |       |       |     1 |       ||     1
       Distracted        |       |       |       |     2 |       ||     2
  Eat: Chunk             |    16 |     9 |    40 |    60 |     4 ||   129
Armor: Robe              |    71 |    52 |    72 |    77 |    16 ||   288
Dodge: Dodged            |    63 |    40 |    97 |   123 |    17 ||   340
Block: Shield            |    27 |    48 |   153 |   415 |    48 ||   691
       Reflection        |       |       |       |     2 |       ||     2

Table legend:
 A = Spawn XP
 B = Non-spawn XP
 C = Spawn XP percentage of total XP
 D = Spawn monster count
 E = Non-spawn monster count
 F = Spawn count percentage of total count
 G = Total turns spent on level
                    A         B        C        D         E        F      G
               +---------+---------+-------+---------+---------+-------+---------
         Total |       0 |   44055 |   0.0 |       0 |     384 |   0.0 | 12559
               +---------+---------+-------+---------+---------+-------+---------
           D:1 |       0 |      46 |   0.0 |       0 |      30 |   0.0 |   594
           D:2 |       0 |      44 |   0.0 |       0 |      23 |   0.0 |   557
           D:3 |       0 |     473 |   0.0 |       0 |      41 |   0.0 |   921
           D:4 |       0 |     701 |   0.0 |       0 |      22 |   0.0 |   622
           D:5 |       0 |     364 |   0.0 |       0 |      15 |   0.0 |   666
           D:6 |       0 |     996 |   0.0 |       0 |      24 |   0.0 |  1075
           D:7 |       0 |    1356 |   0.0 |       0 |      17 |   0.0 |   668
           D:8 |       0 |    1261 |   0.0 |       0 |      23 |   0.0 |  1133
           D:9 |       0 |    1588 |   0.0 |       0 |      12 |   0.0 |   866
          D:10 |       0 |    5918 |   0.0 |       0 |      42 |   0.0 |   792
        Lair:1 |       0 |    5305 |   0.0 |       0 |      23 |   0.0 |  1143
        Lair:2 |       0 |    4631 |   0.0 |       0 |      24 |   0.0 |   898
        Lair:3 |       0 |    6200 |   0.0 |       0 |      34 |   0.0 |  1258
        Lair:4 |       0 |    5898 |   0.0 |       0 |      28 |   0.0 |   859
        Lair:5 |       0 |    9265 |   0.0 |       0 |      23 |   0.0 |   484
        Bailey |       0 |       9 |   0.0 |       0 |       3 |   0.0 |    23
               +---------+---------+-------+---------+---------+-------+---------
